cohdb
Replays
Latest Replays
All Replays
Popular Replays
Top Player Replays
Match Explorer
How It Works
Community
CoH3 Stats
Reddit
Sign in to upload your games and track your stats! →
Sign in with Steam
Match 43933545
Unlisted
Match 43933545
Overview
Messages
Build Orders
End
Construct Section Command Post
Selects Canadian Shock Battlegroup
Dingo Light Scout Car
Infantry Section
Vickers Machine Gun Team
Grenade Package
Infantry Section
Construct Platoon Command Post
Selects Offensive Resupply
Selects Canadian Shock Section
CMP 15cwt Truck
Selects Incendiary Munitions
Canadian Shock Section
6-pounder Anti-tank Gun Team
Construct Company Command Post
Mr Seacucumber
nateums
Knightz
KT6790
Gwangju's Hero Chun Doo-gwang
[~AJ~]Oberst
飞行的猫先森
蛤,你说蛤?
0
0
Comments
sign in to comment!
No comments posted yet!